 Dungeon Crawl Stone Soup version 0.25.1-2-g60ff931df9 (webtiles) character file.

Game seed: 12098361255480323947

4063 lepoulpe303 the Thaumaturge (level 10, -17/44 HPs)
             Began as a Spriggan Earth Elementalist on Sept 3, 2020.
             Was a Follower of Ashenzari.
             Demolished by a yak (42 damage)
             ... on level 8 of the Dungeon.
             The game lasted 00:46:55 (12384 turns).

lepoulpe303 the Thaumaturge (SpEE)                 Turns: 12384, Time: 00:46:55

Health: -17/44     AC:  5    Str:  4    XL:     10   Next: 5%
Magic:  24/24      EV: 24    Int: 21    God:    Ashenzari [*.....]
Gold:   472        SH:  0    Dex: 16    Spells: 13/28 levels left

rFire    . . .     SeeInvis +   a - +6 dagger (curse)
rCold    . . .     Gourm    .   (shield restricted)
rNeg     + . .     Faith    .   c - +0 robe
rPois    .         Spirit   .   (helmet restricted)
rElec    .         Reflect  .   v - +2 cloak {MR+} (curse) {MR+}
rCorr    .         Harm     .   (gloves unavailable)
MR       ++...                  (boots unavailable)
Stlth    ++++......             k - amulet of magic regeneration
HPRegen  0.14/turn              (no ring)
MPRegen  0.44/turn              N - ring of positive energy {rN+}

@: sleeping, very quick
A: very small, unfitting armour, see invisible, herbivore, speed 3, slow
metabolism 2
a: Curse Item, Scrying, Renounce Religion


You were on level 8 of the Dungeon.
You worshipped Ashenzari.
Ashenzari was aware of your devotion.
You were not hungry.

You visited 1 branch of the dungeon, and saw 8 of its levels.
You also visited: Sewer, Ossuary and Bailey.

You collected 472 gold pieces.

Inventory:

Hand Weapons
 a - a cursed +6 dagger (weapon)
 b - a +0 short sword
 y - a +0 dagger of draining
Missiles
 x - 18 poisoned darts (quivered)
 Q - 73 stones
Armour
 c - a +0 robe (worn)
 m - the cursed +1 robe of the Pit {Int-4 Dex+4 Slay+5}
   (You found it on level 6 of the Dungeon)

   It affects your intelligence (-4).
   It affects your dexterity (+4).
   It affects your accuracy and damage with ranged weapons and melee attacks
   (+5).
   It has a curse placed upon it.
 v - a cursed +2 cloak of magic resistance (worn) {MR+}
Magical Staves
 o - an uncursed staff of summoning {!a}
 J - an uncursed staff of earth
Jewellery
 f - a cursed amulet of inaccuracy
 k - an amulet of magic regeneration (around neck)
 n - an uncursed amulet of the acrobat
 N - a ring of positive energy (right hand) {rN+}
Scrolls
 g - 2 scrolls of fear {unknown}
 i - a scroll of identify
 p - 2 scrolls of immolation {!r}
 t - 2 scrolls of teleportation
 u - a scroll of enchant weapon {unknown}
 w - a scroll of remove curse
 A - 2 scrolls of random uselessness {unknown}
 B - a scroll of blinking {!r}
 D - a scroll of magic mapping {unknown}
 E - a scroll of silence {unknown}
 F - 4 scrolls of enchant armour {unknown}
 H - 2 scrolls of fog {unknown}
 I - a scroll of acquirement {unknown}
Potions
 d - 2 potions of mutation {unknown}
 h - a potion of haste
 j - a potion of brilliance {unknown}
 l - 2 potions of lignification {unknown}
 q - 6 potions of curing
 r - 8 potions of heal wounds {unknown}
 s - 2 potions of resistance {unknown}
 z - a potion of berserk rage {!q}
 C - a potion of might
 G - 4 potions of magic {unknown}
Comestibles
 e - 9 rations


   Skills:
 + Level 5.7 Short Blades
 + Level 8.4 Dodging
 + Level 9.0 Stealth
 * Level 9.6 Spellcasting
 - Level 1.3 Transmutations
 * Level 7.7 Earth Magic


You had 13 spell levels left.
You knew the following spells:

 Your Spells              Type           Power        Failure   Level  Hunger
a - Sandblast             Erth           #####.       1%          1    None
c - Petrify               Tmut/Erth      ####....     11%         4    ##.....
w - Passwall              Tmut/Erth      ####....     1%          2    None
x - Stone Arrow           Conj/Erth      ####..       4%          3    None
z - Lee's Rapid Deconstr  Erth           #####.....   8%          5    ####...

Your spell library contained the following spells:

 Spells                   Type           Power        Failure   Level  Hunger


Dungeon Overview and Level Annotations

Branches:
Dungeon (8/15)             Temple (0/1) D:5           Sewer (visited)
Ossuary (visited)          Bailey (visited)
   Lair: D:8-11

Altars:
Ashenzari
Dithmenos
Fedhas
Gozag
Qazlal
Ru
Sif Muna
Trog
Vehumet
Wu Jian
Xom
Yredelemnul

Shops:
D:7 (

Annotations:
D:5 2 transporters, ZZKoverts's ghost, amateur DECj


Innate Abilities, Weirdness & Mutations

You are very small and have problems with some larger weapons.
You are too small for most types of armour.
You have supernaturally acute eyesight. (SInv)
You are a herbivore.
You cover ground extremely quickly.
You need to consume almost no food.


Message History

The yak gores you!
You wake up.
The yak barely misses you. The dream sheep bites you.
* * * LOW HITPOINT WARNING * * *
You take 21 damage, and have 23/44 hp.
MASSIVE DAMAGE!!
The big kobold barely misses you.
You hit the plant but do no damage. You hit the plant but do no damage.
The big kobold closely misses you. The yak barely misses you.
You see here a ration.
You enter the shallow water.
Moving in this stuff is going to be slow.
The dream sheep ruffle their wool and motes of dream dust sparkle, to no effect.
The dream sheep ruffle their wool and motes of dream dust sparkle, to no effect.
The dream sheep shake their wool and sparkle.
You feel drowsy...
You fall asleep.
The big kobold completely misses you. The big kobold misses you.
The yak gores you!!!
Ouch! That really hurt!
You die...

.# #######.###
#.......... #=.........
#####..........
#..............
#.###.......... #.#
#.......... #.#
#(.@....... #.#
#.YK.......... #.#
#..Y..........
#.#####Y#####.....##
#.##.≈.Y.≈PP#......#
#.##.%.%..≈P#......#
#.##..P..P)≈#......#
#.##%....≈≈P#......#####
#.##.....P≈.#..........<


You could see 2 yaks, a big kobold and 2 dream sheep.

Levels and vault maps discovered:
D:1:      dpeg_arrival_radiant, layout_loops_ring,
          hangedman_abyss_or_decor_stabs
D:2:      wad_pebble_path, layout_basic, serial_glass, glass_columns_b,
          glass_columns_b, minmay_rat_gold_closets
D:3:      layout_loops_ring, nicolae_ru_awakened_eye,
          chequers_ecumenical_altar_simple_redux, uniq_crazy_yiuf_cottage,
          uniq_terence
D:4:      layout_gridville
D:5:      layout_basic, kennysheep_mini_moat, minmay_temple_entry_ruins,
          first_ration, gammafunk_ghost_mausoleum, cheibrodos_sewer_entry_drain,
          trog_three_pillars_becter, uniq_duvessa
D:6:      layout_loops_ring, lemuel_doored_altar, doesnt_xom_only_xom,
          ebering_ghost_rock_garden, nicolae_ossuary_entry_ruins
D:7:      nicolae_whirlpool, layout_loops_ring,
          chequers_temple_overflow_statue_of_worship, enter_bailey_2,
          serial_shops, shop
D:8:      layout_basic, grunt_gozag_breadcrumbs, hangedman_ranch
          [blue_anna_fruit_fields], uniq_psyche

Notes
Turn   | Place    | Note
-------+----------+-------------------------------------------
     0 | D:1      | lepoulpe303 the Spriggan Earth Elementalist began the quest
                  | for the Orb.
     0 | D:1      | Reached XP level 1. HP: 9/9 MP: 5/5
   151 | D:1      | Identified a +0 club
   165 | D:1      | Reached skill level 3 in Spellcasting
   168 | D:1      | Reached XP level 2. HP: 12/13 MP: 2/7
   238 | D:1      | Reached skill level 3 in Earth Magic
   344 | D:1      | Identified a +0 whip
   479 | D:1      | Identified a +0 short sword
   502 | D:1      | Identified a +0 dagger
   914 | D:2      | Identified a +0 club
  1023 | D:2      | Reached XP level 3. HP: 9/16 MP: 8/8
  1061 | D:2      | Learned a level 3 spell: Stone Arrow
  1064 | D:2      | Learned a level 2 spell: Passwall
  1128 | D:2      | HP: 3/16 [adder (5)]
  1130 | D:1      | Identified 2 potions of curing
  1658 | D:2      | Identified a +0 club
  1658 | D:2      | Identified a cursed +0 ring mail
  2075 | D:2      | Identified 2 scrolls of teleportation
  2076 | D:2      | Identified 2 scrolls of identify
  2076 | D:2      | Identified a scroll of blinking
  2107 | D:3      | Identified a +0 falchion
  2113 | D:3      | Identified a +0 hand axe
  2113 | D:3      | Identified a +0 chain mail
  2114 | D:3      | Reached skill level 1 in Short Blades
  2126 | D:3      | Identified a +0 trident
  2132 | D:3      | Reached XP level 4. HP: 21/21 MP: 8/10
  2133 | D:3      | Identified a +0 mace
  2133 | D:3      | Identified a +0 scale mail of poison resistance
  2134 | D:3      | Identified a +0 mace
  2134 | D:3      | Identified a +0 leather armour
  2151 | D:3      | HP: 5/21 [orc/+0 mace (4)]
  2469 | D:3      | HP: 4/21 [orc/+0 mace (6)]
  2912 | D:3      | Learned a level 4 spell: Petrify
  2915 | D:3      | Identified a +0 dagger of draining
  2936 | D:3      | Reached skill level 4 in Spellcasting
  3141 | D:3      | Identified a +0 dagger
  3288 | D:3      | Found a sacrificial altar of Ru.
  3296 | D:3      | Identified a +0 club
  3297 | D:3      | Reached skill level 4 in Stealth
  3399 | D:3      | Reached XP level 5. HP: 24/24 MP: 9/12
  3415 | D:3      | Identified a +0 flail
  3415 | D:3      | Identified a +0 scale mail
  3415 | D:3      | Noticed Terence
  3443 | D:3      | Killed Terence
  3570 | D:3      | Found a faded altar of an unknown god.
  3682 | D:3      | Found a runed translucent door.
  3683 | D:3      | Identified a +2 quarterstaff of chaos
  3683 | D:3      | Identified a +2 cloak of magic resistance
  3683 | D:3      | Noticed Crazy Yiuf
  3693 | D:3      | Killed Crazy Yiuf
  3693 | D:3      | Reached skill level 4 in Dodging
  3802 | D:3      | Identified a +0 club
  3815 | D:3      | Identified 2 scrolls of immolation
  3816 | D:3      | Identified 2 scrolls of remove curse
  3817 | D:3      | Identified a ring of attention (You found it on level 1 of
                  | the Dungeon)
  3818 | D:3      | Identified a ring of positive energy (You found it on level
                  | 1 of the Dungeon)
  3893 | D:4      | Identified a cursed -3 dagger
  3893 | D:4      | Identified a cursed +0 robe
  3893 | D:4      | Identified a +0 club
  3893 | D:4      | Identified a +0 ring mail
  3893 | D:4      | Identified a cursed +0 dagger
  3895 | D:4      | Identified a +0 leather armour
  3996 | D:4      | Reached skill level 4 in Earth Magic
  4102 | D:4      | HP: 2/24 [orc priest/divine providence (11)]
  4504 | D:4      | Identified a +0 club
  4508 | D:4      | Identified a +0 giant spiked club
  4508 | D:4      | Noticed an ogre
  4538 | D:4      | Reached XP level 6. HP: 19/28 MP: 14/14
  4616 | D:4      | Reached skill level 2 in Short Blades
  4622 | D:4      | Identified a +0 giant club
  4793 | D:4      | Reached skill level 5 in Spellcasting
  4866 | D:4      | Identified a +0 leather armour
  4866 | D:4      | Identified a +0 hand axe
  4866 | D:4      | Identified a +0 club
  4866 | D:4      | Identified a +0 leather armour
  4868 | D:4      | Identified a +0 hand axe
  5229 | D:4      | Identified a +0 mace
  5229 | D:4      | Identified a +0 leather armour
  5234 | D:4      | Reached skill level 5 in Stealth
  5266 | D:4      | Reached skill level 5 in Dodging
  5266 | D:4      | Reached XP level 7. HP: 31/32 MP: 5/16
  5325 | D:4      | Identified a cursed -1 flail
  5326 | D:4      | Identified a +0 dagger
  5326 | D:4      | Identified a +0 robe
  5327 | D:4      | Identified a +0 hand axe
  5327 | D:4      | Identified a +0 whip
  5634 | D:5      | Entered Level 5 of the Dungeon
  5679 | D:5      | Found a shattered altar of Ashenzari.
  5682 | D:5      | Became a worshipper of Ashenzari the Shackled
  5682 | D:5      | Identified a cursed amulet of inaccuracy (You found it on
                  | level 2 of the Dungeon)
  5682 | D:5      | Identified an uncursed amulet of magic regeneration (You
                  | found it on level 1 of the Dungeon)
  5682 | D:5      | Identified an uncursed amulet of the acrobat (You found it
                  | on level 2 of the Dungeon)
  5698 | D:5      | Identified a ring of flight
  5722 | D:5      | Identified a +0 club
  5722 | D:5      | Identified a cursed +0 ring mail
  5737 | D:5      | Found a glowing drain.
  5740 | D:5      | Identified a +0 giant spiked club
  5746 | Sewer    | Entered a sewer
  5857 | D:5      | Identified a +0 rapier
  5857 | D:5      | Identified a +0 leather armour
  5857 | D:5      | Noticed Duvessa
  5857 | D:5      | Identified a +6 dagger
  5857 | D:5      | Identified a +0 robe
  5857 | D:5      | Noticed Dowan
  5886 | D:5      | Found a bloodstained altar of Trog.
  5889 | D:5      | Reached skill level 3 in Short Blades
  5889 | D:5      | Reached skill level 5 in Earth Magic
  5990 | D:5      | Reached skill level 6 in Spellcasting
  6236 | D:5      | Killed Dowan
  6300 | D:5      | Killed Duvessa
  6300 | D:5      | Reached skill level 6 in Stealth
  6300 | D:5      | Reached XP level 8. HP: 36/36 MP: 13/18
  6399 | D:5      | Identified a +1 falchion of protection (You found it on
                  | level 5 of the Dungeon)
  6416 | D:5      | Identified a +0 morningstar (You found it on level 5 of the
                  | Dungeon)
  6422 | D:5      | Identified a +0 short sword
  6422 | D:5      | Identified a +0 leather armour
  6490 | D:5      | Found a staircase to the Ecumenical Temple.
  6537 | D:5      | Learned a level 5 spell: Lee's Rapid Deconstruction
  6556 | D:5      | Found a transporter.
  6556 | D:5      | Noticed ZZKoverts's ghost (amateur DECj)
  6561 | D:5      | Found a transporter.
  6598 | D:5      | Identified a +0 whip (You found it on level 1 of the
                  | Dungeon)
  6598 | D:5      | Identified a +0 whip (You found it on level 1 of the
                  | Dungeon)
  6598 | D:5      | Identified a +0 dagger (You found it on level 1 of the
                  | Dungeon)
  6598 | D:5      | Identified a +0 trident (You found it on level 2 of the
                  | Dungeon)
  6598 | D:5      | Identified a +0 mace
  6598 | D:5      | Identified a +0 hunting sling (You found it on level 3 of
                  | the Dungeon)
  6598 | D:5      | Identified a +0 mace (You found it on level 3 of the
                  | Dungeon)
  6598 | D:5      | Identified a +0 mace
  6598 | D:5      | Identified a +0 mace
  6598 | D:5      | Identified a +0 mace
  6604 | D:5      | Identified a +0 mace
  6622 | D:6      | Identified 2 potions of degeneration
  6627 | D:6      | Identified a +0 dagger
  6627 | D:6      | Identified a +0 leather armour
  6628 | D:6      | Identified a +0 long sword
  6628 | D:6      | Identified a +0 chain mail
  6628 | D:6      | Identified a +0 ring mail
  6670 | D:6      | Identified a +0 giant spiked club
  6730 | D:6      | Found a runed translucent gate.
  6730 | D:6      | Found a runed translucent gate.
  6730 | D:6      | Found a runed translucent gate.
  6731 | D:6      | Identified a +0 short sword
  6756 | D:6      | Found a sand-covered staircase.
  6761 | D:6      | Identified a cursed -3 hand axe
  6761 | D:6      | Identified a +0 leather armour
  6765 | Ossuary  | Entered an ossuary
  7078 | Ossuary  | Reached skill level 6 in Dodging
  7382 | D:6      | Identified a +0 giant club
  7507 | D:6      | Identified a +0 battleaxe
  7510 | D:6      | Identified a +0 short sword
  7557 | D:6      | Identified a +0 chain mail
  7575 | D:6      | Found a shadowy altar of Dithmenos.
  7577 | D:6      | Found a glowing silver altar of Zin.
  7577 | D:6      | Found a radiant altar of Vehumet.
  7579 | D:6      | Found a shadowy altar of Dithmenos.
  7579 | D:6      | Found a shimmering altar of Xom.
  7579 | D:6      | Found an opulent altar of Gozag.
  7632 | D:6      | Identified a +0 falchion
  7632 | D:6      | Identified a +0 robe
  7636 | D:6      | Identified a +0 club
  7637 | D:6      | Reached skill level 7 in Spellcasting
  7658 | D:6      | Got the cursed robe of the Pit {Int-4 Dex+4 Slay+5}
  7681 | D:6      | Identified a +0 club
  7682 | D:6      | Identified a +0 dagger
  7723 | D:6      | Identified a +0 scimitar
  7723 | D:6      | Identified a +0 chain mail
  7832 | D:6      | Identified a +0 dagger
  7832 | D:6      | Identified a +0 club
  7832 | D:6      | Identified a +0 ring mail
  7849 | D:6      | Identified a +0 dagger
  7851 | D:6      | Identified a +0 dagger
  7851 | D:6      | Identified a +0 robe
  7875 | D:6      | Reached skill level 4 in Short Blades
  7875 | D:6      | Reached skill level 6 in Earth Magic
  7986 | D:6      | Noticed Farlane's ghost (novice DEFE)
  8011 | D:6      | Identified a +0 whip
  8011 | D:6      | Identified a cursed +0 ring mail
  8101 | D:6      | Found a basalt altar of Yredelemnul.
  8340 | D:6      | Reached skill level 7 in Stealth
  8629 | D:6      | Reached * piety under Ashenzari
  8749 | D:6      | Killed Farlane's ghost
  8749 | D:6      | Reached skill level 8 in Spellcasting
  8749 | D:6      | Reached XP level 9. HP: 39/39 MP: 1/22
  8887 | D:7      | Reached skill level 7 in Dodging
  8900 | D:7      | Identified a +0 long sword
  8904 | D:7      | Identified a +0 dagger
  8905 | D:7      | Identified a +0 short sword
  8913 | D:7      | Identified a +0 short sword
  8919 | D:7      | Identified a +0 hand axe
  8919 | D:7      | Identified a +0 short sword
  8919 | D:7      | Identified a +0 hand crossbow
  8928 | D:7      | Identified a +0 hand axe
  8929 | D:7      | Identified a +0 hand axe
  8935 | D:7      | Identified a cursed -1 hand axe
  8942 | D:7      | Found a flagged portal.
  8952 | D:7      | Identified a +0 short sword
  9000 | Bailey   | Entered a bailey
  9067 | Bailey   | Identified a +1 halberd of electrocution
  9070 | Bailey   | Identified a +1 halberd of electrocution
  9222 | Bailey   | Identified a +0 halberd of electrocution
  9232 | Bailey   | Identified a +0 halberd of electrocution
  9260 | Bailey   | Identified a +0 halberd
  9260 | Bailey   | Identified a +1 halberd of electrocution
  9266 | Bailey   | Identified a +2 halberd of electrocution
  9314 | Bailey   | Identified a +1 halberd of electrocution
  9315 | Bailey   | Identified a +0 long sword
  9315 | Bailey   | Identified a +0 plate armour
  9315 | Bailey   | Noticed an orc knight
  9316 | Bailey   | Identified a +0 halberd
  9317 | Bailey   | Identified a +0 halberd
  9317 | Bailey   | Identified a +0 halberd
  9326 | Bailey   | Identified a +0 halberd
  9543 | Bailey   | Identified a +0 halberd
  9625 | Bailey   | Killed an orc knight
  9625 | Bailey   | Reached skill level 8 in Stealth
 10131 | D:7      | Reached skill level 5 in Short Blades
 10131 | D:7      | Reached skill level 7 in Earth Magic
 10163 | D:7      | Identified a +0 short sword
 10163 | D:7      | Identified a cursed -3 dagger
 10344 | D:7      | Reached skill level 9 in Spellcasting
 10555 | D:7      | Found Toetwef's Antique Weapon Boutique.
 10595 | D:7      | Identified a +1 vorpal shortbow
 10599 | D:7      | Identified a +0 shortbow
 10603 | D:7      | Identified a +0 hunting sling
 10660 | D:7      | Identified a cursed -1 cloak
 10669 | D:7      | Identified a cursed -3 spear
 10683 | D:7      | Found a shimmering blue altar of Sif Muna.
 10684 | D:7      | Found a blossoming altar of Fedhas.
 10684 | D:7      | Found a stormy altar of Qazlal.
 10684 | D:7      | Found an ornate altar of the Wu Jian Council.
 11667 | D:7      | Reached skill level 8 in Dodging
 11849 | D:8      | Identified a +0 dagger
 11850 | D:8      | Identified a +0 short sword
 11850 | D:8      | Identified a cursed +0 chain mail
 11977 | D:8      | Identified a +1 dagger of chaos
 11977 | D:8      | Identified a +0 robe
 11977 | D:8      | Noticed Psyche
 12140 | D:8      | Killed Psyche
 12140 | D:8      | Reached skill level 9 in Stealth
 12140 | D:8      | Reached XP level 10. HP: 35/44 MP: 19/24
 12355 | D:8      | Identified a +0 falchion of flaming
 12358 | D:8      | Identified a +0 short sword
 12384 | D:8      | Demolished by a yak

Table legend:
 A = Turns spent in this place as a percentage of turns spent in the entire game.
 B = Non-inter-level travel turns spent in this place as a percentage of non-inter-level travel turns spent in the entire game.
 C = Inter-level travel turns spent in this place as a percentage of turns spent in this place.
 D = Turns resting spent in this place as a percentage of non-inter-level travel turns spent in this place.
 E = Turns spent auto-exploring this place as a percentage of non-inter-level travel turns spent in this place.
 F = Non-inter-level travel turns spent in this place divided by the number of levels of this place that you've seen.
                   A       B       C       D       E      F
               +-------+-------+-------+-------+-------+----------------------
         Total | 100.0 | 100.0 |   3.6 |  41.5 |  31.5 | 1085.5
       Dungeon |  85.7 |  85.2 |   4.2 |  38.9 |  35.0 | 1271.9
         Sewer |   0.9 |   0.9 |   0.0 |   0.0 |  50.9 | 106.0
       Ossuary |   4.6 |   4.7 |   0.0 |  56.1 |   3.5 | 565.0
        Bailey |   8.8 |   9.2 |   0.0 |  62.7 |  11.0 | 1095.0
               +-------+-------+-------+-------+-------+----------------------

Table legend:
 A = Kills in this place as a percentage of kills in entire the game.
 B = Kills by you in this place as a percentage of kills by you in the entire game.
 C = Kills by friends in this place as a percentage of kills by friends in the entire game.
 D = Other kills in this place as a percentage of other kills in the entire game.
 E = Experience gained in this place as a percentage of experience gained in the entire game.
 F = Experience gained in this place divided by the number of levels of this place that you have seen.
                   A       B       C       D       E      F
               +-------+-------+-------+-------+-------+----------------------
         Total | 100.0 | 100.0 |   N/A |   N/A | 100.0 | 527.7
       Dungeon |  75.2 |  75.2 |   N/A |   N/A |  81.6 | 592.1
         Sewer |   2.4 |   2.4 |   N/A |   N/A |   1.9 | 110.0
       Ossuary |   8.5 |   8.5 |   N/A |   N/A |   1.9 | 113.0
        Bailey |  13.8 |  13.8 |   N/A |   N/A |  14.6 | 845.0
               +-------+-------+-------+-------+-------+----------------------

Skill      XL: |  1  2  3  4  5  6  7  8  9 |
---------------+----------------------------+-----
Spellcasting   | 3 4 5 6 8 9 |  9.6
Earth Magic    | 3 4 5 6 7 |  7.7
Short Blades   | 1 2 3 4 5 |  5.7
Stealth        | 4 5 6 7 9 |  9.0
Dodging        | 4 5 6 8 |  8.4
Transmutations | |  1.3

Action                   |  1- 3 |  4- 6 |  7- 9 | 10-12 || total
-------------------------+-------+-------+-------+-------++-------
Melee: Unarmed           |     8 |       |       |       ||     8
       Short sword       |    74 |    43 |    11 |       ||   128
       Dagger            |       |   127 |   461 |    12 ||   600
Throw: Dart              |       |       |    29 |       ||    29
       Stone             |       |       |     4 |       ||     4
       Throwing net      |       |       |     3 |       ||     3
 Cast: Sandblast         |    42 |    71 |    52 |       ||   165
       Stone Arrow       |       |     4 |    43 |       ||    47
       Petrify           |       |       |     7 |       ||     7
       Lee's Rapid Decon |       |       |     1 |       ||     1
Invok: Curse Item        |       |       |     2 |       ||     2
  Use: Scroll            |     2 |     3 |     1 |       ||     6
       Potion            |     1 |       |       |       ||     1
 Stab: Sleeping          |    12 |     7 |    17 |     2 ||    38
       Held in net/web   |       |       |     2 |       ||     2
       Petrified         |       |       |     6 |       ||     6
  Eat: Ration            |       |     1 |     5 |       ||     6
Armor: Robe              |     8 |    19 |    28 |       ||    55
Dodge: Dodged            |    69 |   176 |   382 |    11 ||   638

Vanquished Creatures
  An orc knight (Bailey)
  The ghost of Farlane the Magician, a novice DEFE of Ashenzari (D:6)
  Psyche (D:8)
  A hungry ghost (D:7)
  Duvessa (D:5)
  3 orc warriors
  A phantom (D:6)
  A centaur (D:7)
  5 ogres
  A crocodile (Sewer)
  3 big kobolds
  6 bullfrogs
  Dowan (D:5)
  A scorpion (D:8)
  A howler monkey (D:5)
  A crimson imp (D:7)
  2 hounds
  3 jellies
  A bullfrog zombie (D:8)
  Crazy Yiuf (D:3)
  A centaur skeleton (D:8)
  5 orc priests
  3 orc wizards
  3 iguanas
  Terence (D:3)
  A big kobold zombie (Ossuary)
  2 hound skeletons
  A worker ant zombie (D:7)
  A howler monkey zombie (D:7)
  3 mummies (Ossuary)
  13 gnolls (Bailey)
  5 adders
  2 shadow imps
  An ooze (D:2)
  4 adder zombies (Ossuary)
  2 adder skeletons
  2 worms
  2 dart slugs
  4 leopard geckos
  30 orcs
  16 bats
  4 giant cockroaches
  A gnoll zombie (Ossuary)
  4 goblins
  16 hobgoblins
  7 jackals (D:7)
  7 quokkas
  4 ball pythons
  6 frilled lizards
  4 goblin zombies (Ossuary)
  3 hobgoblin zombies (Ossuary)
  30 kobolds
  3 kobold zombies (Ossuary)
  3 leopard gecko skeletons
  2 quokka zombies (Ossuary)
  14 rats
246 creatures vanquished.
